AoeStats
← muguralver

Black Forest

509981394Analyzed
4v4 RM · 4d ago on Sep 28, 2026· 50m 41s· 8 players
Game mode
Random Map
Map size
Large (8 player)
Population
200
Speed
Normal
Resources
Standard
Victory
Conquest
Starting age
Dark Age
Ending age
Imperial Age
RankedLock teamsTeams togetherTeam positionsShared explorationLock speedFull tech treeHidden civsTurbo modeCheats
Victory
Defeat
🇨🇱 Varangians · Chile
1068
+6
🇹🇷 Bulgarians · Türkiye
858
+12
🇺🇸 Varangians · United States
779
+15
🇨🇴 Britons · Colombia
676
+19
🇨🇴 Persians · Colombia
855
-17
🇹🇷 Portuguese · Türkiye
815
-14
🇹🇷 Mongols · Türkiye
756
-12
🇪🇸 Spanish · Spain
683
-9
muguralver
0:40 Loom
14:06 Feudal Age
14:50 Double-Bit Axe
21:23 Castle Age
20:54 Horse Collar
30:09 Gold Mining
30:10 Stone Mining
30:12 Pikeman
32:08 Fortified Wall
32:56 Bow Saw
32:49 Heavy Plow
38:07 Imperial Age
36:56 Wheelbarrow
36:30 Man-at-Arms
36:55 Gambesons
40:44 Chemistry
40:22 Long Swordsman
40:25 Halberdier
41:46 Hand Cart
47:09 Arquebus
klapausius
13:33 Feudal Age
14:04 Double-Bit Axe
15:45 Fishing Lines
17:04 Wheelbarrow
24:32 Castle Age
23:41 Horse Collar
26:26 Pikeman
27:16 Heavy Plow
30:20 Caravan
31:32 Fervor
32:08 Ballistics
31:59 Fortified Wall
31:45 Murder Holes
33:06 Gold Mining
33:07 Stone Mining
34:44 Hand Cart
37:30 Imperial Age
37:20 Loom
38:01 Gillnets
38:26 Halberdier
40:10 Chemistry
41:00 Cavalier
41:42 Husbandry
41:52 Bloodlines
43:06 Stone Shaft Mining
43:47 Block Printing
43:58 Illumination
44:08 Theocracy
44:51 Paladin
joham694
0:31 Loom
11:53 Feudal Age
13:08 Wheelbarrow
12:22 Double-Bit Axe
12:31 Stone Mining
12:33 Gold Mining
12:30 Horse Collar
22:21 Castle Age
23:21 Hand Cart
22:54 Town Watch
23:44 Bow Saw
23:37 Heavy Plow
25:56 Pikeman
27:53 Gold Shaft Mining
27:59 Squires
33:33 Imperial Age
31:04 Town Patrol
31:11 Town Patrol
32:40 Ballistics
32:23 Padded Archer Armor
32:13 Fletching
32:30 Scale Barding Armor
32:33 Kamandaran
32:17 Crossbowman
33:02 Thumb Ring
33:20 Leather Archer Armor
34:19 Caravan
36:04 Husbandry
36:19 Bloodlines
36:45 Conscription
36:03 Elite War Elephant
39:04 Two-Man Saw
38:37 Crop Rotation
39:48 Chain Barding Armor
44:59 Chemistry
46:48 Halberdier
47:14 Gambesons
elifkasim
2:35 Loom
14:38 Feudal Age
16:19 Double-Bit Axe
17:42 Horse Collar
18:42 Stone Mining
20:11 Fishing Lines
25:49 Castle Age
28:27 Bow Saw
29:23 Stone Shaft Mining
29:07 Pikeman
29:49 Gillnets
31:57 Heavy Plow
33:22 Wheelbarrow
33:19 Gold Mining
37:51 Imperial Age
35:47 Hand Cart
39:12 Fortified Wall
39:13 Masonry
40:05 Onager
41:56 Thumb Ring
43:33 Chemistry
44:58 Squires
45:54 Siege Onager
47:00 Forging
46:50 Scale Mail Armor
46:56 Scale Barding Armor
46:42 Fletching
46:52 Padded Archer Armor
xbarter
0:29 Loom
13:50 Feudal Age
14:21 Horse Collar
14:30 Double-Bit Axe
26:48 Bloodlines
26:26 Arson
29:08 Castle Age
27:43 Wheelbarrow
26:54 Town Watch
27:03 Gold Mining
27:04 Stone Mining
27:10 Fishing Lines
30:00 Caravan
31:02 Bow Saw
30:54 Heavy Plow
31:40 Gold Shaft Mining
31:40 Stone Shaft Mining
31:01 Gillnets
31:56 Hand Cart
33:32 Forging
33:23 Scale Mail Armor
33:28 Scale Barding Armor
33:24 Padded Archer Armor
33:14 Fletching
36:55 Imperial Age
36:39 Town Patrol
37:22 Iron Casting
37:03 Chain Mail Armor
37:08 Chain Barding Armor
37:04 Leather Archer Armor
36:44 Bodkin Arrow
37:11 Elite Konnik
38:13 Conscription
38:24 Stirrups
38:49 Husbandry
38:53 Squires
38:39 Gambesons
38:15 Pikeman
40:26 Blast Furnace
39:57 Plate Mail Armor
41:10 Bagains
42:37 Plate Barding Armor
42:04 Bracer
43:38 Crop Rotation
44:44 Halberdier
44:45 Light Cavalry
KRATOS25085670
14:41 Feudal Age
15:49 Double-Bit Axe
15:46 Horse Collar
19:04 Castle Age
17:54 Loom
19:46 Heavy Plow
19:58 Bow Saw
21:20 Wheelbarrow
25:09 Hand Cart
29:56 Fortified Wall
31:04 Treadmill Crane
31:30 Scale Mail Armor
31:02 Pikeman
31:45 Squires
31:47 Stone Mining
35:43 Imperial Age
33:22 Caravan
34:04 Chain Mail Armor
35:56 Masonry
35:54 Gold Mining
36:07 Gothikon
37:09 Conscription
36:20 Halberdier
37:35 Plate Mail Armor
38:39 Elite Varangian Guard
40:06 Architecture
39:42 Siege Engineers
40:39 Chemistry
39:59 Ballistics
40:09 Heavy Scorpion
[8Pals] PERROLOKO
0:57 Loom
13:47 Feudal Age
18:21 Castle Age
17:41 Wheelbarrow
29:12 Double-Bit Axe
31:07 Hand Cart
32:03 Scale Barding Armor
32:09 Forging
33:08 Bow Saw
32:49 Horse Collar
36:12 Imperial Age
34:11 Heavy Plow
34:39 Chain Barding Armor
35:13 Iron Casting
35:33 Bloodlines
35:24 Husbandry
36:14 Caravan
38:03 Conscription
38:20 Crop Rotation
37:42 Gold Mining
37:44 Stone Mining
38:58 Two-Man Saw
37:48 Vendel Legacy
38:34 Town Watch
38:21 Elite Jarl
40:16 Ballistics
39:55 Murder Holes
41:19 Chemistry
41:39 Squires
41:27 Arson
41:28 Gambesons
42:19 Elite Varangian Guard
43:08 Treadmill Crane
43:39 Fortified Wall
43:41 Masonry
43:37 Siege Engineers
44:38 Blast Furnace
44:13 Plate Barding Armor
43:40 Scale Mail Armor
43:42 Gothikon
EL THANOS
1:04 Loom
12:43 Feudal Age
13:21 Double-Bit Axe
18:53 Castle Age
18:14 Horse Collar
20:07 Bow Saw
20:08 Heavy Plow
22:04 Gold Mining
29:50 Gold Shaft Mining
34:33 Imperial Age
32:51 Masonry
32:21 Treadmill Crane
33:31 Wheelbarrow
33:20 Padded Archer Armor
33:11 Fletching
33:52 Town Watch
34:38 Leather Archer Armor
34:19 Bodkin Arrow
34:30 Caravan
35:36 Hand Cart
36:33 Chemistry
35:55 Ballistics
36:06 Architecture
35:17 Treadmill Crane
36:11 Stone Mining
36:55 Ring Archer Armor
36:27 Bracer
36:56 Town Patrol
37:33 Warwolf
38:12 Yeomen
37:14 Elite Longbowman
38:31 Conscription
38:48 Scale Mail Armor
38:58 Forging
38:53 Squires
38:15 Pikeman
38:41 Arson
40:22 Coinage
40:04 Guilds
41:09 Two-Man Saw
40:55 Siege Engineers
41:36 Chain Mail Armor
41:56 Iron Casting
44:41 Capped Ram
46:39 Banking
Connection lost

Rejoining the realm…

Still unreachable

The connection could not be restored.

Session expired

The server has moved on; the page needs a fresh start.